 Dungeon Crawl Stone Soup version 0.21.1-1-g345015f (webtiles) character file.

151 Fang the Chopper (level 5, -1/33 HPs)
             Began as a Gargoyle Berserker on May 29, 2018.
             Was a Believer of Trog.
             Slain by an orc
             ... wielding a +0 flail
              (2 damage)
             ... on level 3 of the Dungeon.
             The game lasted 00:01:59 (2272 turns).

Fang the Chopper (Gargoyle Berserker)               Turns: 2272, Time: 00:01:59

Health: -1/33      AC:  6    Str: 22    XL:     5   Next: 33%
Magic:  5/5        EV: 12    Int:  7    God:    Trog [**....]
Gold:   142        SH:  0    Dex:  9    Spells: 4/4 levels left

rFire    . . .     SeeInvis .   a - +0 hand axe
rCold    . . .     Gourm    .   (no shield)
rNeg     + . .     Faith    .   b - +0 animal skin
rPois    ∞         Spirit   .   (no helmet)
rElec    +         Reflect  .   (no cloak)
rCorr    .         Harm     .   (no gloves)
MR       .....                  (no boots)
Stlth    +.........             (no amulet)
HPRegen  0.11/turn              (no ring)
MPRegen  0.09/turn              (no ring)

@: no status effects
A: negative energy resistance 1, electricity resistance, unbreathing,
petrification resistance, rot immunity, AC +4
a: Berserk, Trog's Hand, Burn Spellbooks, Renounce Religion


You were on level 3 of the Dungeon.
You worshipped Trog.
Trog was pleased with you.
You were not hungry.

You visited 1 branch of the dungeon, and saw 3 of its levels.

You collected 142 gold pieces.

Inventory:

Hand Weapons
 a - a +0 hand axe (weapon)
Armour
 b - a +0 animal skin (worn)
Jewellery
 n - a +3 ring of slaying {unknown}
Scrolls
 f - 2 scrolls of enchant armour {unknown}
 i - 5 scrolls of identify {unknown}
 j - 3 scrolls of remove curse {unknown}
 l - a scroll of fog {unknown}
 m - a scroll of amnesia {unknown}
 o - a scroll of fear {unknown}
Potions
 d - 2 potions of flight {unknown}
 e - a potion of degeneration {unknown}
 g - 2 potions of haste {unknown}
 h - a potion of heal wounds {unknown}
 k - a potion of berserk rage {unknown}
Comestibles
 c - 3 rations


   Skills:
 + Level 4.0 Fighting
 + Level 4.3 Axes
 + Level 2.3 Armour
 + Level 2.2 Dodging
 + Level 1.5 Stealth


You had 4 spell levels left.
You didn't know any spells.

Dungeon Overview and Level Annotations

Branches:
Dungeon (3/15)

Altars:


Innate Abilities, Weirdness & Mutations

You are resistant to torment.
Your stone body is resilient. (AC +4)
You are immune to poison.
You resist negative energy. (rN+)
You are resistant to electric shocks. (rElec)
You can survive without breathing.
You are immune to petrification.
You are immune to rotting.


Message History

You hit the orc wizard.
You kill the orc wizard!
Trog accepts your kill.
Trog appreciates your killing of a magic user.
Your Fighting skill increases to level 4!
You hit the orc.
The orc is almost dead.
The orc hits you with a hand axe.
* * * LOW HITPOINT WARNING * * *
You hit the orc.
You kill the orc!
Trog accepts your kill.
You barely miss the orc. The orc hits you with a flail.
* * * LOW HITPOINT WARNING * * *
You hit the orc but do no damage. The orc barely misses you.
You barely miss the orc. You hit the orc.
The orc is moderately wounded.
The orc hits you with a flail.
You die...

#.##.......#
#..........#
####.......#
#.....#.#
###.###.###
#....[..# ##......#
#....?.##########
............@o......
####......##########
#......# #......#
########


You could see an orc.

Vanquished Creatures
  An orc wizard (D:3)
  Jessica (D:3)
  An adder (D:3)
  3 oozes
  2 worms
  2 dart slugs (D:1)
  A leopard gecko (D:2)
  2 orcs (D:3)
  4 giant cockroaches
  2 goblins
  5 hobgoblins
  4 jackals (D:2)
  6 kobolds
  3 quokkas
  2 ball pythons
  4 bats
  5 frilled lizards
  5 rats
53 creatures vanquished.

Vanquished Creatures (others)
  An orc wizard (D:3)
1 creature vanquished.

Grand Total: 54 creatures vanquished

Notes
Turn   | Place    | Note
-------+----------+-------------------------------------------
     0 | D:1      | Fang the Gargoyle Berserker began the quest for the Orb.
     0 | D:1      | Reached XP level 1. HP: 14/14 MP: 1/1
   129 | D:1      | Reached XP level 2. HP: 15/19 MP: 2/2
   614 | D:1      | Reached XP level 3. HP: 21/23 MP: 3/3
  1001 | D:2      | Reached ** piety under Trog
  1525 | D:2      | Reached XP level 4. HP: 29/29 MP: 4/4
  1822 | D:3      | Reached skill level 1 in Stealth
  2016 | D:3      | Noticed Jessica
  2021 | D:3      | Killed Jessica
  2255 | D:3      | Reached XP level 5. HP: 21/33 MP: 5/5
  2269 | D:3      | HP: 1/33 [orc/flail (5)]
  2272 | D:3      | Slain by an orc

Skill      XL: |  1  2  3  4  5 |
---------------+----------------+-----
Axes           | 3 4 |  4.3
Dodging        | 2 |  2.2
Stealth        | 1 |  1.5
Fighting       | 4 |  4.0
Armour         | |  2.3

Action                   |  1- 3 |  4- 6 || total
-------------------------+-------+-------++-------
Melee: Hand axe          |   130 |    95 ||   225
Invok: Berserk           |     1 |     2 ||     3
  Eat: Chunk             |     2 |     5 ||     7
Armor: Animal skin       |    56 |    24 ||    80
Dodge: Dodged            |   112 |    46 ||   158
